 Dungeon Crawl Stone Soup version 0.31-a0-1-g4198be8af4 (webtiles) character file.

Game seed: 3818941854913889397

15554 retardedninja the Thaumaturge (level 12, -7/91 HPs)
             Began as a Gnoll Fire Elementalist on May 1, 2023.
             Was a High Priest of Cheibriados.
             Mangled by a swamp worm (11 damage)
             ... on level 2 of the Lair of Beasts.
             The game lasted 00:25:02 (16496 turns).

retardedninja the Thaumaturge (GnFE)               Turns: 16496, Time: 00:25:03

Health: -7/91      AC: 14    Str: 22    XL:     12   Next: 28%
Magic:  30/34      EV: 20    Int: 34    God:    Cheibriados [*****.]
Gold:   523        SH:  7    Dex: 26    Spells: 19/29 levels left

rFire   + . .        m - +2 spear (spect)
rCold   . . .        d - +0 buckler {rC+}
rNeg    . . .        a - +2 robe
rPois   .            l - +2 hat
rElec   .            e - +4 cloak "Ytif" {rF+ rC- Slay+4}
rCorr   .            C - +0 pair of gloves
SInv    .            r - +0 pair of boots
Will    .....        k - amulet of regeneration
Stlth   +++++        g - ring of magical power
HPRegen 1.15/turn    n - ring of wizardry
MPRegen 0.24/turn

%: wizardry (x1)
@: slowed, very slow
A: fangs 1, strong nose, distributed training
a: Renounce Religion, Bend Time, Temporal Distortion, Slouch, Step From Time


You were on level 2 of the Lair of Beasts.
You worshipped Cheibriados.
Cheibriados was extremely pleased with you.
You visited 2 branches of the dungeon, and saw 14 of its levels.
You also visited: Gauntlet.

You collected 770 gold pieces.
You spent 247 gold pieces at shops.

Inventory:

Hand Weapons
 m - a +2 spectral spear (weapon)
Missiles
 P - a throwing net
Armour
 a - a +2 robe (worn)
 d - a +0 buckler of cold resistance (worn)
 e - the +4 cloak "Ytif" (worn) {rF+ rC- Slay+4}
   (You bought it in a shop on level 6 of the Dungeon)

   Slay:      It affects your accuracy & damage with ranged weapons and melee
   (+4).
   rF:        It protects you from fire.
   rC:        It makes you vulnerable to cold.
 l - a +2 hat (worn)
 r - a +0 pair of boots (worn)
 C - a +0 pair of gloves (worn)
Jewellery
 g - a ring of magical power (left hand)
 k - an amulet of regeneration (around neck)
 n - a ring of wizardry (right hand)
Wands
 z - a wand of digging (5)
 J - a wand of paralysis (10)
 R - a wand of flame (18)
Scrolls
 h - 3 scrolls of teleportation
 s - a scroll of poison
 t - a scroll of enchant armour
 x - a scroll of vulnerability {unknown}
 y - 2 scrolls of fear {unknown}
 A - 2 scrolls of amnesia
 G - 2 scrolls of immolation {unknown}
 I - a scroll of summoning {unknown}
 L - a scroll of fog
 M - a scroll of blinking {unknown}
 S - a scroll of magic mapping
Potions
 b - 2 potions of magic
 c - a potion of attraction
 f - 2 potions of lignification
 i - 3 potions of mutation
 j - 2 potions of resistance
 o - a potion of might
 p - 2 potions of cancellation
 q - 3 potions of curing
 u - a potion of haste {unknown}
 v - a potion of berserk rage
 w - 3 potions of flight
 B - a potion of heal wounds
 D - 2 potions of brilliance
Miscellaneous
 O - a tin of tremorstones (inert)


   Skills:
 + Level 7.4 Fighting
 + Level 7.4 Short Blades
 + Level 7.4 Long Blades
 + Level 7.4 Axes
 + Level 7.4 Maces & Flails
 + Level 7.4 Polearms
 + Level 7.4 Staves
 + Level 7.4 Ranged Weapons
 + Level 7.4 Throwing
 + Level 7.4 Armour
 + Level 8.8 Dodging
 + Level 8.6 Stealth
 + Level 7.4 Shields
 + Level 7.4 Unarmed Combat
 + Level 9.0 Spellcasting
 + Level 6.5 Conjurations
 + Level 6.1 Hexes
 + Level 6.1 Summonings
 + Level 6.1 Necromancy
 + Level 6.1 Translocations
 + Level 6.1 Transmutations
 + Level 8.3 Fire Magic
 + Level 6.1 Ice Magic
 + Level 6.1 Air Magic
 + Level 6.1 Earth Magic
 + Level 6.1 Poison Magic
 + Level 8.1 Invocations
 + Level 7.4 Evocations


You had 19 spell levels left.
You knew the following spells:

 Your Spells              Type           Power      Damage    Failure   Level
a - Foxfire               Conj/Fire      100%       2x1d9     1%          1
b - Scorch                Fire           100%       2d9       1%          2
c - Flame Wave            Conj/Fire      60%        2d14      1%          4
d - Inner Flame           Hex/Fire       59%        N/A       1%          3

Your spell library contained the following spells:

 Spells                   Type           Power      Damage    Failure   Level
 Freeze                   Ice            100%       1d10      1%          1
 Frozen Ramparts          Ice            100%       1d16      1%          3
 Hailstorm                Conj/Ice       56%        3d12      1%          3
 Summon Guardian Golem    Hex/Summ       55%        N/A       1%          3
 Tukima's Dance           Hex            55%        N/A       1%          3
 Volatile Blastmotes      Fire/Tloc      100%       2d18      1%          3
 Animate Armour           Summ/Erth      100%       N/A       1%          4
 Fulminant Prism          Conj/Hex       28%        3d14      1%          4
 Iskenderun's Mystic Bla  Conj/Tloc      56%        2d12      1%          4
 Passage of Golubria      Tloc           55%        N/A       1%          4
 Blade Hands              Tmut           27%        N/A       3%          5
 Lee's Rapid Deconstruct  Erth           27%        3d15*     3%          5
 Yara's Violent Unravell  Hex/Tmut       27%        3d12      3%          5
 Iron Shot                Conj/Erth      28%        9d6       16%         6
 Orb of Destruction       Conj           28%        9d9       56%         7
 Spellforged Servitor     Conj/Summ      28%        N/A       61%         7
 Malign Gateway           Summ/Tloc      27%        N/A       63%         7
 Summon Horrible Things   Summ           27%        N/A       99%         8


Dungeon Overview and Level Annotations

Branches:
Dungeon (12/15)            Temple (0/1) D:6            Lair (2/5) D:9
    Orc (0/2) D:10        Gauntlet (visited)
  Swamp: Lair:2-3    Shoals: Lair:2-3     Snake: Lair:2-3    Spider: Lair:2-3

Altars:
Ashenzari
Cheibriados
Dithmenos
Elyvilon
Fedhas
Gozag
Hepliaklqana
Makhleb
Ru
Sif Muna
Trog
Wu Jian
Xom
Yredelemnul
The Shining One

Shops:
D:1 !   D:5 (   D:6 [!==*

Annotations:
D:9 1 runed translucent door, 13Fox's ghost, journeyman DsHu


Innate Abilities, Weirdness & Mutations

You have very sharp teeth.
Your uncanny sense of smell can sniff out nearby items.
Your experience applies equally to all skills.


Message History

The foxfire hits the bog body.
The bog body resists.
The bog body is lightly damaged.
You conjure some foxfire!
The foxfire hits the bog body.
The bog body resists.
The bog body is lightly damaged.
The foxfire hits the bog body.
The bog body resists.
The bog body is moderately damaged.
The bog body touches you but does no damage.
The bog body attacks as you move away! The bog body closely misses you.
You block the bog body's attack. The bog body closely misses you.
The bog body gestures at you while chanting.
You resist with significant effort. The bog body misses you.
The bog body attacks as you move away! The bog body touches you.
The bog body freezes you!!
The swamp worm fires a harpoon shot at you.
The harpoon shot misses you. The bog body barely misses you.
The swamp worm barely misses you. The bog body casts a spell at you.
You feel as though you will be slow longer.
The swamp worm barely misses you. The bog body touches you!
The bog body freezes you!! The swamp worm misses you.
Unknown command.
Unknown command.
Casting: Foxfire (safe; 1% risk of failure)
Confirm with . or Enter, or press ? or * to list all spells.
Casting: Flame Wave (mildly dangerous; 1% risk of failure)
Press: ? - help, Dir - look around, f - activate A wave of flame ripples out!
The tree burns like a torch!
The flame wave engulfs the bog body!
The bog body resists.
The bog body is moderately damaged.
The flame wave engulfs the swamp worm!
The swamp worm is moderately wounded. (Press . to intensify the flame waves.)
The bog body touches you. The bog body freezes you!!
* * * LOW HITPOINT WARNING * * *
The swamp worm bites you.
* * * LOW HITPOINT WARNING * * *
The bog body gestures at you while chanting.
The bolt of cold misses you. The swamp worm bites you!
You die...

#######
#####..##.##
..............##
...............#
..............##
...............#
#......##.....##
#....#..§§...#
#......§@.♣..#
#......§nw♣..#
#.....♣♣..♣♣.#
##.....♣~..~♣.#
#......♣~..≈♣.#
###..†..♣~.♣~♣.# #
..##....♣♣..♣♣.#
...#.....##..♣♣♣..
♣♣# ......##..#..♣
~..≈


You could see a bog body and a swamp worm.

Vanquished Creatures
  A hydra (Lair:2)
  A centaur warrior (D:12)
  2 death yaks (Lair:1)
  2 two-headed ogres
  A bog body (Lair:2)
  A necromancer (D:10)
  2 deep elf pyromancers (D:12)
  3 elephants (Lair:1)
  A torpor snail (Lair:1)
  2 unseen horrors (D:12)
  3 komodo dragons
  A troll (D:8)
  A hornet (D:9)
  Sigmund (D:4)
  7 yaks
  A shadow (D:9)
  3 steam dragons
  A swamp worm (Lair:2)
  Edmund (D:4)
  An acid dragon (D:9)
  2 wargs (D:9)
  2 water moccasins (Lair:1)
  4 orc warriors
  A sky beast (D:8)
  A swamp drake (D:10)
  An ice beast (D:7)
  3 black bears
  3 centaurs (D:12)
  An ogre (D:6)
  6 kobold brigands
  2 gnoll sergeants (D:10)
  4 bullfrogs
  3 scorpions
  12 wights
  9 killer bees (D:8)
  An electric eel (D:8)
  3 howler monkeys (D:10)
  A centaur zombie (D:7)
  2 jellies
  A bullfrog zombie (D:7)
  9 orc priests
  2 hounds (D:6)
  An iguana (D:6)
  14 orc wizards
  4 polar bear simulacra (D:10)
  3 yak simulacra (D:10)
  2 wolf simulacra (D:10)
  18 gnolls
  4 adders
  A shadow imp (D:6)
  An ufetubus (D:5)
  2 dart slugs
  39 orcs
  8 endoplasms
  5 giant cockroaches
  5 goblins
  9 hobgoblins
  23 kobolds
  4 quokkas
  10 ball pythons
  6 bats
  2 frilled lizards
  7 rats
  2 river rat simulacra (D:10)
279 creatures vanquished.

Vanquished Creatures (collateral kills)
  7 foxfires
7 creatures vanquished.

Vanquished Creatures (others)
  A demonic plant (Gauntlet)
  883 foxfires
  4 fungi
  9 plants
897 creatures vanquished.

Grand Total: 1183 creatures vanquished

Notes
Turn   | Place    | Note
-------+----------+-------------------------------------------
     0 | D:1      | retardedninja the Gnoll Fire Elementalist began the quest
                  | for the Orb.
     0 | D:1      | Reached XP level 1. HP: 13/13 MP: 6/6
   273 | D:1      | Reached XP level 2. HP: 19/19 MP: 5/7
   683 | D:1      | Found Foufoew's Distillery.
   783 | D:1      | Reached skill level 5 in Spellcasting
   783 | D:1      | Reached XP level 3. HP: 12/25 MP: 4/9
  1439 | D:2      | Reached skill level 1 in Invocations
  1563 | D:2      | Reached skill level 1 in Fighting
  1563 | D:2      | Reached skill level 1 in Short Blades
  1563 | D:2      | Reached skill level 1 in Long Blades
  1563 | D:2      | Reached skill level 1 in Axes
  1563 | D:2      | Reached skill level 1 in Maces & Flails
  1563 | D:2      | Reached skill level 1 in Polearms
  1563 | D:2      | Reached skill level 1 in Staves
  1563 | D:2      | Reached skill level 1 in Ranged Weapons
  1563 | D:2      | Reached skill level 1 in Throwing
  1563 | D:2      | Reached skill level 1 in Armour
  1563 | D:2      | Reached skill level 1 in Shields
  1563 | D:2      | Reached skill level 1 in Unarmed Combat
  1563 | D:2      | Reached skill level 1 in Evocations
  1566 | D:2      | Learned a level 2 spell: Scorch
  1758 | D:1      | Reached XP level 4. HP: 28/32 MP: 3/11
  1929 | D:2      | Reached skill level 1 in Hexes
  1929 | D:2      | Reached skill level 1 in Summonings
  1929 | D:2      | Reached skill level 1 in Necromancy
  1929 | D:2      | Reached skill level 1 in Translocations
  1929 | D:2      | Reached skill level 1 in Transmutations
  1929 | D:2      | Reached skill level 1 in Ice Magic
  1929 | D:2      | Reached skill level 1 in Air Magic
  1929 | D:2      | Reached skill level 1 in Earth Magic
  1929 | D:2      | Reached skill level 1 in Poison Magic
  2559 | D:2      | Found a faded altar of an unknown god.
  3142 | D:3      | Reached XP level 5. HP: 37/37 MP: 7/12
  3251 | D:3      | Found a glowing golden altar of the Shining One.
  3454 | D:3      | Found a bloodstained altar of Trog.
  3454 | D:3      | Found a faded altar of an unknown god.
  3461 | D:3      | Found a shadowy altar of Dithmenos.
  3463 | D:3      | Found a snail-covered altar of Cheibriados.
  3465 | D:3      | Found a faded altar of an unknown god.
  3502 | D:3      | Became a worshipper of Cheibriados the Contemplative
  4665 | D:4      | Reached XP level 6. HP: 31/44 MP: 5/13
  4721 | D:4      | Reached skill level 5 in Dodging
  4721 | D:4      | Reached * piety under Cheibriados
  5538 | D:4      | Noticed Sigmund
  5548 | D:4      | Killed Sigmund
  5549 | D:4      | Reached XP level 7. HP: 51/51 MP: 15/15
  5571 | D:4      | Noticed Edmund
  5579 | D:4      | Killed Edmund
  5580 | D:4      | Reached skill level 5 in Stealth
  5960 | D:5      | Entered Level 5 of the Dungeon
  5970 | D:5      | Found Qodud's Antique Weapon Boutique.
  6091 | D:5      | Found an ornate altar of the Wu Jian Council.
  6101 | D:5      | Found a shimmering altar of Xom.
  6291 | D:5      | Found a sacrificial altar of Ru.
  6487 | D:5      | Found a white marble altar of Elyvilon.
  6556 | D:6      | Found Tunu's General Store.
  6701 | D:6      | Found Repnuw's Jewellery Emporium.
  6713 | D:6      | Reached XP level 8. HP: 48/57 MP: 16/16
  6793 | D:6      | Found Ilaiborr's Antique Armour Boutique.
  6818 | D:6      | Found Roseeche's Distillery.
  6874 | D:6      | Found a hazy altar of Hepliaklqana.
  6890 | D:6      | Reached ** piety under Cheibriados
  6905 | D:6      | Reached skill level 6 in Spellcasting
  7179 | D:6      | Found Hatis's Jewellery Emporium.
  7442 | D:6      | Found an opulent altar of Gozag.
  7515 | D:6      | Learned a level 4 spell: Flame Wave
  7693 | D:6      | Found a staircase to the Ecumenical Temple.
  8217 | D:7      | Reached XP level 9. HP: 65/65 MP: 18/18
  8631 | D:7      | Found a basalt altar of Yredelemnul.
  9017 | D:8      | Reached *** piety under Cheibriados
  9369 | D:8      | Reached skill level 5 in Invocations
  9561 | D:8      | Reached **** piety under Cheibriados
  9739 | D:8      | Noticed a troll
  9808 | D:8      | Killed a troll
  9809 | D:8      | Reached skill level 7 in Spellcasting
  9912 | D:8      | Noticed a two-headed ogre
  9923 | D:8      | Killed a two-headed ogre
  9924 | D:8      | Reached skill level 5 in Fighting
  9924 | D:8      | Reached skill level 5 in Short Blades
  9924 | D:8      | Reached skill level 5 in Long Blades
  9924 | D:8      | Reached skill level 5 in Axes
  9924 | D:8      | Reached skill level 5 in Maces & Flails
  9924 | D:8      | Reached skill level 5 in Polearms
  9924 | D:8      | Reached skill level 5 in Staves
  9924 | D:8      | Reached skill level 5 in Ranged Weapons
  9924 | D:8      | Reached skill level 5 in Throwing
  9924 | D:8      | Reached skill level 5 in Armour
  9924 | D:8      | Reached skill level 5 in Shields
  9924 | D:8      | Reached skill level 5 in Unarmed Combat
  9924 | D:8      | Reached skill level 5 in Evocations
  9924 | D:8      | Reached XP level 10. HP: 52/74 MP: 20/20
 10517 | D:6      | Bought an encrusted cloak for 247 gold pieces
 10517 | D:6      | Identified the +4 cloak "Ytif" {rF+ rC- Slay+4} (You bought
                  | it in a shop on level 6 of the Dungeon)
 10643 | D:9      | Found a runed translucent door.
 10649 | D:9      | Noticed 13Fox's ghost (journeyman DsHu)
 10899 | D:9      | Reached skill level 5 in Conjurations
 11167 | D:9      | Found a burning altar of Makhleb.
 11167 | D:9      | Noticed a blizzard demon
 11167 | D:9      | You fall into a shaft and drop 3 floors!
 11222 | D:12     | Killed an unseen horror
 11366 | D:12     | Killed an unseen horror
 11403 | D:12     | Noticed a centaur warrior
 11415 | D:12     | Killed a centaur warrior
 11419 | D:12     | Noticed a deep elf pyromancer
 11429 | D:12     | Killed a deep elf pyromancer
 11430 | D:12     | Reached skill level 5 in Hexes
 11430 | D:12     | Reached skill level 5 in Summonings
 11430 | D:12     | Reached skill level 5 in Necromancy
 11430 | D:12     | Reached skill level 5 in Translocations
 11430 | D:12     | Reached skill level 5 in Transmutations
 11430 | D:12     | Reached skill level 5 in Ice Magic
 11430 | D:12     | Reached skill level 5 in Air Magic
 11430 | D:12     | Reached skill level 5 in Earth Magic
 11430 | D:12     | Reached skill level 5 in Poison Magic
 11495 | D:12     | Found a gate leading to a gauntlet.
 11502 | Gauntlet | Entered a Gauntlet
 11502 | Gauntlet | Noticed a torpor snail
 11502 | Gauntlet | Found a transporter.
 11502 | Gauntlet | Found a transporter.
 11509 | Gauntlet | Noticed a wizard
 11519 | Gauntlet | Found a runed translucent door.
 11522 | Gauntlet | Found a transporter.
 11524 | Gauntlet | Found a transporter.
 11526 | Gauntlet | Noticed a gargoyle
 11532 | Gauntlet | Found a transporter.
 11532 | Gauntlet | Noticed a catoblepas
 11536 | Gauntlet | Found a transporter.
 11540 | Gauntlet | Noticed a glowing orange brain
 11540 | Gauntlet | Noticed a brown ugly thing
 11540 | Gauntlet | Noticed a red ugly thing
 11544 | Gauntlet | Found a transporter.
 11559 | Gauntlet | Found the brooch of Shielding {Spirit SH+8}
 11560 | Gauntlet | Noticed a green ugly thing
 11561 | Gauntlet | Found a transporter.
 11561 | Gauntlet | Noticed a red ugly thing
 11564 | Gauntlet | Noticed a glowing orange brain
 11564 | Gauntlet | Noticed a glowing orange brain
 11578 | Gauntlet | Found a transporter.
 11579 | Gauntlet | Found a transporter.
 11587 | Gauntlet | Found a transporter.
 11591 | Gauntlet | Found a transporter.
 11751 | D:12     | Reached skill level 8 in Spellcasting
 11751 | D:12     | Reached XP level 11. HP: 38/81 MP: 19/23
 11933 | D:12     | Noticed a deep elf pyromancer
 11942 | D:12     | Killed a deep elf pyromancer
 12123 | D:11     | Noticed a boulder beetle
 12207 | D:10     | Entered Level 10 of the Dungeon
 12225 | D:9      | Found a staircase to the Lair.
 12505 | D:9      | Found a blossoming altar of Fedhas.
 12941 | D:10     | Reached ***** piety under Cheibriados
 12954 | D:10     | Learned a level 3 spell: Inner Flame
 13216 | D:10     | Found a shimmering blue altar of Sif Muna.
 13241 | D:10     | Noticed a necromancer
 13250 | D:10     | Killed a necromancer
 13586 | D:10     | Noticed a two-headed ogre
 13602 | D:10     | Killed a two-headed ogre
 13825 | D:10     | Found a broken altar of Ashenzari.
 14378 | D:10     | Found a staircase to the Orcish Mines.
 14476 | Lair:1   | Entered Level 1 of the Lair of Beasts
 14893 | D:9      | Identified a scroll of acquirement
 14893 | D:9      | Acquired a +0 buckler of cold resistance
 15322 | Lair:1   | Identified the +4 chain mail of the Flute {*Corrode rC+++
                  | rN+++ MP-9}
 15900 | Lair:2   | Noticed a death yak
 15907 | Lair:1   | Reached XP level 12. HP: 77/91 MP: 18/24
 15982 | Lair:1   | Killed a death yak
 15991 | Lair:2   | Noticed a death yak
 16001 | Lair:1   | Killed a death yak
 16423 | Lair:2   | Reached skill level 9 in Spellcasting
 16467 | Lair:2   | Noticed a five-headed hydra
 16470 | Lair:2   | Killed a five-headed hydra
 16496 | Lair:2   | HP: 4/91 [swamp worm (5)]
 16496 | Lair:2   | Mangled by a swamp worm

Illustrated notes

Levels and vault maps discovered:
D:1:      roderic_crop_circles_arrival_small, layout_loops_cross, serial_shops,
          nicolae_shop_window_shopping, minmay_small_reverse_x
D:2:      layout_basic, serial_forest, infiniplex_forest_clump_small,
          infiniplex_forest_lined_corner, infiniplex_forest_corner_1,
          infiniplex_forest_lined_3, infiniplex_forest_straight_1,
          infiniplex_forest_split, shapermc_ecumenical_altar_starsandcircs,
          ebering_dispersal_statue_hall
D:3:      layout_basic, tso_metal_star, chequers_temple_overflow_minitemple,
          patterned_corridor
D:4:      layout_loops_ring, serial_glass, glass_columns_a, glass_columns_b,
          wad_floor_pattern_1, sigmund_edmund_badplayer
D:5:      layout_rooms, kennysheep_little_box,
          mainiacjoe_overflow_six_doors_small, lemuel_round_altar,
          xom_teletrap_fun, serial_shops, nicolae_stop_n_shop_2
D:6:      layout_loops_cross, old_standard_altar,
          nicolae_hepliaklqana_hazy_memory,
          minmay_temple_entry_drinking_statues, serial_shops,
          kennysheep_mini_moat, shop, nicolae_take_the_stairs, shop,
          nicolae_shop_temple_entry_statues_fountains, moated_statue,
          kennysheep_opposing_triangles
D:7:      layout_basic, lemuel_zombie_altar_yredelemnul,
          corexii_item_surrounded_by_moat
D:8:      cheibrodos_steamvent, layout_rooms, serial_aquarium,
          aquarium_bridge_straight [aquarium_subvault_bridge,
          aquarium_subvault_wall, aquarium_subvault_bridge,
          aquarium_subvault_balcony], aquarium_window_fake, aquarium_window_1,
          aquarium_window_1, aquarium_view_2a, aquarium_view_4, aquarium_pool_2,
          kennysheep_potato
D:9:      layout_roguey, makhleb_altar_promises_db, fedhas_altar_fruit_tree,
          erik_lair_orcish_takeover, hellmonk_ghost_big_iron,
          chequers_decorated_corner, grunt_ministairs_8
D:10:     layout_cave_pools, mainiacjoe_overflow_24_doors,
          nicolae_sif_muna_condensation, erik_orc_1, minmay_misc_feat_enclosed,
          st_stairs_11, amcnicky_mini_rare_corridor_liquid,
          eino_house_with_fridge
D:11:     layout_irregular_city
D:12:     minmay_sliced_demisemicircle, layout_basic, gauntlet_entry_generic
Lair:1:   layout_loops_ring, chequers_serial_rivers_micro_e,
          chequers_serial_rivers_small_3, grunt_forest_small_clearings,
          infiniplex_staircase_pool_2
Lair:2:   layout_long_grid, nicolae_swamp_entry_splash_gauntlet,
          gammafunk_ghost_hive, chequers_serial_rivers_micro_c,
          grunt_megastairs_2

Skill      XL: |  1  2  3  4  5  6  7  8  9 10 11 12 |
---------------+-------------------------------------+-----
Conjurations   | 2 3 4 5 6 |  6.5
Spellcasting   | 5 6 7 8 9 |  9.0
Invocations    | 1 2 3 4 5 6 7 8 |  8.1
Fighting       | 1 2 3 5 6 7 |  7.4
Short Blades   | 1 2 3 5 6 7 |  7.4
Long Blades    | 1 2 3 5 6 7 |  7.4
Axes           | 1 2 3 5 6 7 |  7.4
Maces & Flails | 1 2 3 5 6 7 |  7.4
Polearms       | 1 2 3 5 6 7 |  7.4
Staves         | 1 2 3 5 6 7 |  7.4
Ranged Weapons | 1 2 3 5 6 7 |  7.4
Throwing       | 1 2 3 5 6 7 |  7.4
Armour         | 1 2 3 5 6 7 |  7.4
Shields        | 1 2 3 5 6 7 |  7.4
Unarmed Combat | 1 2 3 5 6 7 |  7.4
Evocations     | 1 2 3 5 6 7 |  7.4
Hexes          | 1 2 3 4 5 6 |  6.1
Summonings     | 1 2 3 4 5 6 |  6.1
Necromancy     | 1 2 3 4 5 6 |  6.1
Translocations | 1 2 3 4 5 6 |  6.1
Transmutations | 1 2 3 4 5 6 |  6.1
Ice Magic      | 1 2 3 4 5 6 |  6.1
Air Magic      | 1 2 3 4 5 6 |  6.1
Earth Magic    | 1 2 3 4 5 6 |  6.1
Poison Magic   | 1 2 3 4 5 6 |  6.1
Dodging        | 5 6 7 8 |  8.8
Stealth        | 5 6 7 8 |  8.6
Fire Magic     | 6 7 8 |  8.3

Action                     |  1- 3 |  4- 6 |  7- 9 | 10-12 || total
---------------------------+-------+-------+-------+-------++-------
  Melee: Spear             |       |    11 |     1 |    23 ||    35
         Bite              |       |     1 |     1 |     4 ||     6
         Punch             |       |     1 |       |     3 ||     4
   Cast: Foxfire           |    78 |   141 |   122 |   209 ||   550
         Scorch            |     4 |    17 |    45 |    59 ||   125
         Flame Wave        |       |       |     8 |    30 ||    38
  Evoke: Wand              |       |       |       |     6 ||     6
         Tin of tremorston |       |       |       |     2 ||     2
    Use: Scroll            |       |     8 |     3 |    13 ||    24
         Potion            |       |     5 |     2 |     5 ||    12
 Armour: Robe              |     2 |    27 |    36 |    91 ||   156
  Dodge: Dodged            |    23 |    39 |   117 |   219 ||   398
  Block: Buckler           |       |       |       |    35 ||    35

Table legend: (Time is in decaauts)
 A = Elapsed time spent in this place.
 B = Non-inter-level travel time spent in this place.
 C = Inter-level travel time spent in this place.
 D = Time resting spent in this place.
 E = Time spent auto-exploring this place.
 F = Levels seen in this place.
 G = Mean time per level.
                   A        B        C        D        E       F      G
               +--------+--------+--------+--------+--------+-----+--------+
         Total |  20770 |  19741 |   1029 |   3536 |  13172 |  15 | 1384.7 |
       Dungeon |  17888 |  17004 |    884 |   2916 |  11374 |  12 | 1490.7 |
          Lair |   2660 |   2515 |    145 |    619 |   1616 |   2 | 1330.0 |
      Gauntlet |    221 |    221 |      0 |      0 |    181 |   1 |  221.0 |
               +--------+--------+--------+--------+--------+-----+--------+

Top non-repeatable levels by time:
  Lair:1: 2391 daAuts
    D:10: 2143 daAuts
     D:3: 2125 daAuts
     D:9: 2120 daAuts
     D:8: 2004 daAuts
     D:6: 1893 daAuts
     D:1: 1665 daAuts
     D:7: 1397 daAuts
     D:4: 1359 daAuts
     D:2: 1180 daAuts
    D:12: 1013 daAuts
     D:5: 707 daAuts
    D:11: 277 daAuts
  Lair:2: 269 daAuts
Gauntlet: 221 daAuts
